 Dungeon Crawl Stone Soup version 0.28.0-43-g3370ac3207 (webtiles) character file.

Game seed: 13347146243681369024

5 Gabide the Grave Robber (level 1, -1/13 HPs)
             Began as a Mummy Necromancer on Mar 23, 2022.
             Slain by a jackal (3 damage)
             ... on level 1 of the Dungeon.
             The game lasted 00:00:53 (189 turns).

Gabide the Grave Robber (Mummy Necromancer)          Turns: 189, Time: 00:00:53

Health: -1/13      AC:  2    Str: 11    XL:     1   Next: 66%
Magic:  1/4        EV: 12    Int: 14    God:
Gold:   0          SH:  0    Dex: 12    Spells: 4/5 levels left

rFire   x . .      SeeInvis .   (no weapon)
rCold   + . .      Faith    .   (no shield)
rNeg    + + +      Spirit   .   a - +0 robe
rPois   ∞          Reflect  .   (no helmet)
rElec   .          Harm     .   (no cloak)
rCorr   .          Rampage  .   (no gloves)
Will    .....                   (no boots)
Stlth   ++........              (no amulet)
HPRegen 0.04/turn               (no ring)
MPRegen 0.09/turn               (no ring)

@: no status effects
A: cold resistance 1, negative energy resistance 3, torment resistance 2, heat
vulnerability 1, no potions
a: no special abilities


You were on level 1 of the Dungeon.
You visited 1 branch of the dungeon, and saw 1 of its levels.

Inventory:

Armour
 a - a +0 robe (worn)


   Skills:
 * Level 1.5 Dodging
 + Level 1.5 Stealth
 * Level 2.6 Spellcasting
 * Level 4.3 Necromancy


You had 4 spell levels left.
You knew the following spells:

 Your Spells              Type           Power      Damage    Failure   Level
a - Pain                  Necr           52%        1d6       3%          1

Your spell library contained the following spells:

 Spells                   Type           Power      Damage    Failure   Level
 Animate Skeleton         Necr           26%        N/A       3%          1
 Vampiric Draining        Necr           13%        2d6       12%         3
 Animate Dead             Necr           6%         N/A       36%         4
 Agony                    Necr           13%        N/A       71%         5


Dungeon Overview and Level Annotations

Branches:
Dungeon (1/15)

Altars:


Innate Abilities, Weirdness & Mutations

You are immune to poison.
Your flesh is cold resistant. (rC+)
You are immune to negative energy. (rN+++)
You are immune to unholy pain and torment.
You are vulnerable to heat. (rF-)
You do not drink.


Message History

You kill the jackal!
The jackal bites you.
You hit the jackal but do no damage. The jackal barely misses you.
You miss the jackal.
The jackal bites you but does no damage.
A goblin comes into view. It is wielding a +0 dagger.
The jackal closely misses you.
You barely miss the jackal.
The goblin shouts!
The jackal bites you.
Aiming: Pain (safe; 3% risk of failure)
Press: ? - help, Q - select action Shift-Dir - straight line, f - jackal
Aim: a jackal (chance to affect: 83%)
The jackal writhes in agony.
A bat comes into view.
The jackal bites you.
You are too injured to fight recklessly!
The jackal closely misses you. The jackal closely misses you. x2
The jackal bites you but does no damage.
The jackal bites you but does no damage.
The jackal barely misses you. The jackal barely misses you.
There is an open door here.
The jackal bites you. The jackal barely misses you.
There is a stone staircase leading down here.
Aiming: Pain (safe; 3% risk of failure)
Press: ? - help, Q - select action Shift-Dir - straight line, f/p - jackal
Aim: a jackal (moderately wounded, chance to affect: 83%)
The jackal barely resists.
The jackal bites you. x2
You see here a hobgoblin corpse.
A hobgoblin comes into view.
The jackal bites you.
* * * LOW HITPOINT WARNING * * *
The jackal bites you.
* * * LOW HITPOINT WARNING * * *
The jackal bites you.
You die...

## . #. ##.# .##...#
....#.. #....#########
#.g.@hh.gJ†.#
#...#######g#
###...#######.#########
...$. ...##.g.........
####..##..##..#.......<
#.....gJ.###g####.#>..
#.#..##..###....####..
#.... #..##.......####
....##. #.g....#..)...#


You could see an endoplasm, 2 jackals, 2 hobgoblins and a goblin.

Vanquished Creatures
  An endoplasm (D:1)
  A hobgoblin (D:1)
  2 jackals (D:1)
4 creatures vanquished.

Notes
Turn   | Place    | Note
-------+----------+-------------------------------------------
     0 | D:1      | Gabide the Mummy Necromancer began the quest for the Orb.
     0 | D:1      | Reached XP level 1. HP: 13/13 MP: 4/4
   189 | D:1      | Slain by a jackal

Illustrated notes

Levels and vault maps discovered:
D:1:      dpeg_arrival_long_road, layout_loops_ring,
          chequers_ecumenical_altar_twisty, dk_noncrumbling_4,
          minmay_tetromino_l4

Action                   || total
-------------------------++-------
Melee: Unarmed           ||     8
       Punch             ||     1
 Cast: Pain              ||    10
Armor: Robe              ||     3
Dodge: Dodged            ||    12
